 Dungeon Crawl Stone Soup version 0.30-a0-605-gb2882149bf (webtiles) character file.

Game seed: 2814153945086095099

111 OTABOTABOTAB the Insei (level 4, -7/28 HPs)
             Began as an Octopode Transmuter on Jan 8, 2023.
             Killed by divine providence
             ... invoked by an orc priest
              (10 damage)
             ... on level 4 of the Dungeon.
             The game lasted 00:03:28 (2306 turns).

OTABOTABOTAB the Insei (Octopode Transmuter)        Turns: 2306, Time: 00:03:29

Health: -7/28      AC:  1    Str:  9    XL:     4   Next: 92%
Magic:  5/7        EV: 18    Int: 17    God:
Gold:   145        SH:  0    Dex: 12    Spells: 1/7 levels left

rFire   . . .      SeeInvis .    h - +3 short sword (drain)
rCold   . . .      Faith    .    (no shield)
rNeg    . . .      Spirit   .    (helmet currently unavailable)
rPois   .          Reflect  .    (no amulet)
rElec   .          Harm     .    E - +5 ring of evasion
rCorr   .          Rampage  .    (no ring)
Will    .....                    (no ring)
Stlth   ++                       (no ring)
HPRegen 0.24/turn                (no ring)
MPRegen 0.10/turn                (no ring)
                                 (no ring)
                                 (no ring)

@: mighty, appendages (expiring), wereblooded
A: tentacle spike 3, almost no armour, amphibious, 8 rings, camouflage 1,
gelatinous body 1, (nimble swimmer 1), tentacles
a: End Transformation


You were on level 4 of the Dungeon.
One of your tentacles had grown a beastly spike.
You visited 2 branches of the dungeon, and saw 6 of its levels.

You collected 145 gold pieces.

Inventory:

Hand Weapons
 h - a +3 short sword of draining (weapon)
   (You found it on level 1 of the Dungeon)
Missiles
 s - 26 stones
Armour
 n - a +0 hat
   (You found it on level 2 of the Dungeon)
Jewellery
 E - a +5 ring of evasion (left tentacle)
   (You found it on level 2 of the Dungeon)
Wands
 i - a wand of quicksilver (8)
   (You found it on level 2 of the Dungeon)
Scrolls
 b - 4 scrolls of identify {unknown}
 e - a scroll of noise {unknown}
 f - a scroll of magic mapping {unknown}
 g - 2 scrolls of fear {unknown}
 k - a scroll of poison {unknown}
Potions
 a - 4 potions of curing {unknown}
 c - a potion of heal wounds {unknown}
 j - a potion of resistance {unknown}
 l - a potion of ambrosia {unknown}
 m - a potion of cancellation {unknown}
 M - a potion of might
 P - 2 potions of lignification {!q}


   Skills:
 - Level 1.0 Fighting
 - Level 2.0 Dodging
 + Level 4.3 Unarmed Combat
 - Level 2.0 Spellcasting
 + Level 3.6 Transmutations
 + Level 1.1 Poison Magic


You had one spell level left.
You knew the following spells:

 Your Spells              Type           Power      Damage    Failure   Level
a - Beastly Appendage     Tmut           26%        N/A       4%          1
b - Wereblood             Tmut           13%        N/A       7%          2
c - Spider Form           Tmut/Pois      9%         N/A       22%         3

Your spell library contained the following spells:

 Spells                   Type           Power      Damage    Failure   Level
 Sting                    Tmut/Pois      36%        1d4       8%          1
 Poisonous Vapours        Pois/Air       6%         N/A       24%         2
 Ice Form                 Ice/Tmut       7%         N/A       67%         4
 Olgreb's Toxic Radiance  Pois           5%         N/A       77%         4


Dungeon Overview and Level Annotations

Branches:
Dungeon (5/15)             Temple (1/1) D:5

Altars:
Ashenzari
Cheibriados
Dithmenos
Elyvilon
Fedhas
Hepliaklqana
Kikubaaqudgha
Makhleb
Nemelex Xobeh
Ru
Trog
Uskayaw
Wu Jian
Xom
Yredelemnul
Zin
The Shining One

Annotations:
D:3 Ijyb


Innate Abilities, Weirdness & Mutations

One of your tentacles has grown a beastly spike.
You cannot wear most types of armour.
You are amphibious.
You can wear up to eight rings at the same time.
Your skin changes colour to match your surroundings (Stealth+).
Your rubbery body absorbs attacks. (AC +1, EV +1)
((You are camouflaged when in or above water. (Stealth+)))
You have tentacles for arms and can constrict up to eight enemies at once.


Message History

There is a staircase to the Ecumenical Temple here.
You climb downwards.
Welcome to the Ecumenical Temple!
Found a glowing silver altar of Zin.
There is a staircase back to the Dungeon here.
Found a blossoming altar of Fedhas.
Health restored: 28
Found a snail-covered altar of Cheibriados.
Found a hide-covered altar of Uskayaw.
Found a white marble altar of Elyvilon.
Found a sparkling altar of Nemelex Xobeh.
Found a burning altar of Makhleb.
Found a shadowy altar of Dithmenos.
Found a hazy altar of Hepliaklqana.
Found a basalt altar of Yredelemnul.
Found a shimmering altar of Xom.
Found an ancient bone altar of Kikubaaqudgha.
Found a glowing golden altar of the Shining One.
Found a bloodstained altar of Trog.
There is a glowing golden altar of the Shining One here.
Found a broken altar of Ashenzari.
Found an ornate altar of the Wu Jian Council and a sacrificial altar of Ru.
Done exploring.
Done exploring.
Done exploring.
Done exploring.
Unknown command.
There is a staircase back to the Dungeon here.
You climb upwards.
Welcome back to the Dungeon!
There is a staircase to the Ecumenical Temple here.
There is a fountain of clear blue water here.
a - 4 glowing purple potions (gained 1)
s - 26 stones (gained 6)
Found a stone staircase leading down.
You now have 145 gold pieces (gained 18).
Found a stone staircase leading up.
Unknown command.
(D) Dungeon (T) Temple
Where to? (Enter - Temple @ (x,y), ? - help)
An iguana comes into view.
b - 4 scrolls labelled UPAUDUXTAWIE (gained 1)
There is a stone staircase leading up here.
You can't go down here!
You climb upwards.
There is a stone staircase leading down here.
P - 2 potions of lignification {!q} (gained 1)
There is a stone staircase leading down here.
An orc wizard comes into view. It is wielding a +0 dagger.
An orc wizard is nearby!
The orc wizard shouts!
An orc priest comes into view. It is wielding a +0 whip.
An orc comes into view. It is wielding a +0 club.
The orc wizard points at you and mumbles some strange words.
The puff of flame misses you.
An orc comes into view. It is wielding a +0 hand axe.
The orc priest shouts!
The orc shouts! x2
One of your tentacles grows a vicious spike.
You now have 6/7 mp.
Your blood is infused with primal strength.
The orc wizard casts a spell.
The orc wizard flickers and vanishes!
Deactivating autopickup; reactivate with Ctrl-A.
An orc comes into view. It is wielding a +0 short sword.
You now have 4/7 mp.
You miss something.
Your tentacle spike misses something.
Something hits you.
The orc priest mumbles some strange prayers to Beogh against you.
Something writhes in agony.
You take 4 damage, and have 24/28 hp.
Unknown command.
You closely miss something.
Your tentacle spike misses something.
Your squeeze misses something. Something hits you.
The orc priest invokes the aid of Beogh against you.
Beogh smites you!
You take 9 damage, and have 15/28 hp.
MASSIVE DAMAGE!!
You hit something but do no damage. Something barely misses you.
You miss something.
Your tentacle spike misses something.
Your squeeze misses something. Something hits you.
You take 1 damage, and have 15/28 hp.
You closely miss something.
Your transformation is almost over.
Something hits you.
You take 3 damage, and have 12/28 hp.
You hit something but do no damage.
You pierce something.
Your squeeze misses something. Something barely misses you.
You hit something.
Your tentacle spike misses something.
Something hits you.
You take 1 damage, and have 11/28 hp.
You closely miss something.
You hear some strange, mumbled words.
A magic dart appears from out of thin air!
The magic dart hits you!
* * * LOW HITPOINT WARNING * * *
You take 8 damage, and have 3/28 hp.
MASSIVE DAMAGE!!
It was a potion of might.
You feel very mighty all of a sudden.
M - a potion of might Something closely misses you.
The orc priest calls down the wrath of Beogh upon you.
Beogh smites you!
You die... #### #... ..o oo#

#o# .# #{# #.# #@##
#.# #..# #.# #..##
#.# #...# #.# ##..##
#########.# ##..# #
#.........# ####..#
###.######..###....##
.##.# ####.........#


You could see an orc priest and 3 orcs.

Vanquished Creatures
  A jelly (D:5)
  Robin (D:2)
  2 adders (D:2)
  A worm (D:2)
  4 orcs (D:5)
  2 ball pythons (D:2)
  An endoplasm (D:3)
  13 goblins
  6 hobgoblins
  3 jackals (D:2)
  A kobold (D:2)
  2 quokkas
  2 bats
  2 frilled lizards
  2 rats
43 creatures vanquished.

Notes
Turn   | Place    | Note
-------+----------+-------------------------------------------
     0 | D:1      | OTABOTABOTAB the Octopode Transmuter began the quest for
                  | the Orb.
     0 | D:1      | Reached XP level 1. HP: 13/13 MP: 3/3
   673 | D:1      | Reached XP level 2. HP: 18/18 MP: 5/5
  1162 | D:2      | Reached XP level 3. HP: 19/23 MP: 6/6
  1365 | D:2      | Reached skill level 3 in Transmutations
  1570 | D:2      | Noticed Robin
  1597 | D:2      | Killed Robin
  1598 | D:2      | Reached skill level 4 in Unarmed Combat
  1598 | D:2      | Reached XP level 4. HP: 25/28 MP: 5/7
  1843 | D:2      | Learned a level 2 spell: Wereblood
  1847 | D:2      | Learned a level 3 spell: Spider Form
  1880 | D:3      | Noticed Ijyb
  1881 | D:3      | You fall into a shaft and drop 2 floors!
  1881 | D:5      | Entered Level 5 of the Dungeon
  1963 | D:5      | Found a staircase to the Ecumenical Temple.
  1970 | D:5      | Reached skill level 1 in Poison Magic
  1972 | Temple   | Entered the Ecumenical Temple
  2305 | D:4      | HP: 3/28 [something/magic dart (8)]
  2306 | D:4      | Killed from afar by an orc priest

Illustrated notes

Levels and vault maps discovered:
D:1:      amcnicky_arrival_choice, layout_basic, shapermc_ecumenical_altar_petra
D:2:      layout_loops_ring, uniq_robin
D:3:      layout_rooms, uniq_ijyb, uniq_crazy_yiuf_cottage
D:4:      layout_loops_corners, minmay_misc_feat_x, uniq_eustachio
D:5:      layout_cave_pools, minmay_temple_entry_statues_fountains
Temple:   minmay_crystal_spiral_temple

Skill      XL: |  1  2  3  4 |
---------------+-------------+-----
Transmutations | 3 |  3.6
Unarmed Combat | 4 |  4.3
Poison Magic   | 1 |  1.1
Fighting       | |  1.0
Dodging        | |  2.0
Spellcasting   | |  2.0

Action                   |  1- 3 |  4- 6 || total
-------------------------+-------+-------++-------
Melee: Unarmed           |    20 |       ||    20
       Constrict         |    16 |     6 ||    22
       Kick              |     4 |     7 ||    11
       Tentacles         |     3 |     5 ||     8
       Short sword       |    43 |    27 ||    70
       Punch             |     3 |       ||     3
Throw: Stone             |     4 |       ||     4
 Cast: Beastly Appendage |     6 |     2 ||     8
       Wereblood         |       |     2 ||     2
 Abil: End Transformatio |     3 |     2 ||     5
  Use: Potion            |       |     1 ||     1
 Stab: Sleeping          |     6 |     1 ||     7
Armor: Skin              |     2 |     1 ||     3
Dodge: Dodged            |    53 |    13 ||    66

Table legend: (Time is in decaauts)
 A = Elapsed time spent in this place.
 B = Non-inter-level travel time spent in this place.
 C = Inter-level travel time spent in this place.
 D = Time resting spent in this place.
 E = Time spent auto-exploring this place.
 F = Levels seen in this place.
 G = Mean time per level.
                   A        B        C        D        E       F      G
               +--------+--------+--------+--------+--------+-----+--------+
         Total |   2303 |   2132 |    171 |      0 |   1839 |   6 |  383.8 |
       Dungeon |   2075 |   1987 |     88 |      0 |   1711 |   5 |  415.0 |
        Temple |    227 |    144 |     83 |      0 |    128 |   1 |  227.0 |
               +--------+--------+--------+--------+--------+-----+--------+

Top non-repeatable levels by time:
     D:1: 1107 daAuts
     D:2: 765 daAuts
  Temple: 227 daAuts
     D:5: 144 daAuts
     D:4: 52 daAuts
     D:3: 5 daAuts

Table legend:
 A = Kills in this place as a percentage of kills in entire the game.
 B = Kills by you in this place as a percentage of kills by you in the entire game.
 C = Kills by friends in this place as a percentage of kills by friends in the entire game.
 D = Other kills in this place as a percentage of other kills in the entire game.
 E = Experience gained in this place as a percentage of experience gained in the entire game.
 F = Experience gained in this place divided by the number of levels of this place that you have seen.
                   A       B       C       D       E      F
               +-------+-------+-------+-------+-------+----------------------
         Total | 100.0 | 100.0 |   N/A |   N/A | 100.0 |  26.5
       Dungeon | 100.0 | 100.0 |   N/A |   N/A | 100.0 |  31.8
               +-------+-------+-------+-------+-------+----------------------
